 Dungeon Crawl Stone Soup version 0.30.0-29-ga12c61a403 (webtiles) character file.

Game seed: 3393297926878706432

60 qw the Chopper (level 4, 0/28 HPs)
             Began as a Gargoyle Fighter on June 5, 2023.
             Slain by a gnoll
             ... wielding a +0 halberd
              (7 damage)
             ... on level 2 of the Dungeon.
             The game lasted 00:00:27 (822 turns).

qw the Chopper (Gargoyle Fighter)                    Turns: 822, Time: 00:00:28

Health: 0/28       AC: 12    Str: 21    XL:     4   Next: 4%
Magic:  4/4        EV:  4    Int:  9    God:
Gold:   90         SH:  0    Dex:  9    Spells: 3/3 levels left

rFire   . . .        Y - +0 war axe (venom)
rCold   . . .        c - +0 buckler
rNeg    + . .        f - +0 chain mail
rPois   inf          (no helmet)
rElec   +            (no cloak)
rCorr   .            (no gloves)
SInv    .            (no boots)
Will    .....        (no amulet) Stlth
                     (no ring)
HPRegen 0.24/turn    (no ring)
MPRegen 0.09/turn

%: no passive effects
@: held
A: sickness immunity, AC +3, negative energy resistance 1, electricity
resistance, torment resistance 1, petrification resistance
a: no special abilities


You were on level 2 of the Dungeon.
You visited 1 branch of the dungeon, and saw 2 of its levels.

You collected 90 gold pieces.


Innate Abilities, Weirdness & Mutations

You are immune to sickness and miasma.
Your stone body is resilient. (AC +3)
You are immune to poison.
You resist negative energy. (rN+)
You are resistant to electric shocks. (rElec)
You are resistant to unholy torment.
You are immune to petrification.


   Skills:
 - Level 3.2 Fighting
 + Level 3.8 Axes
 - Level 3.2 Armour
 - Level 3.2 Shields


You had 3 spell levels left.
You didn't know any spells.
Your spell library was empty.

Inventory:

Hand Weapons
 l - a +0 whip
 Y - a +0 war axe of venom (weapon)
Armour
 c - a +0 buckler (worn)
 f - a +0 chain mail (worn)
Potions
 d - a potion of might
 i - a potion of degeneration {unknown}
 k - a potion of magic {unknown}

Dungeon Overview and Level Annotations

Branches:
Dungeon (2/15)

Altars:


Message History

You hit the gnoll but do no damage.
The gnoll looks as sick as possible!
You block the gnoll's attack. The gnoll hits you with a +0 halberd.
You closely miss the gnoll.
The gnoll is heavily wounded.
You hit the gnoll. The gnoll hits you but does no damage.
The gnoll barely misses you.
You slash the gnoll!
You kill the gnoll!
You hit the gnoll.
You kill the gnoll!
The gnoll barely misses you.
You slash the gnoll!
The gnoll looks as sick as possible!
The gnoll is heavily wounded.
The gnoll barely misses you.
You hit the gnoll but do no damage.
The gnoll looks as sick as possible!
The gnoll is heavily wounded.
The gnoll hits you but does no damage.
You hit the gnoll.
The gnoll looks as sick as possible!
The gnoll is almost dead.
You kill the gnoll!
The kobold hits you but does no damage.
You have reached level 4!
You feel clever.
You closely miss the kobold. The kobold hits you but does no damage.
You barely miss the kobold. You block the gnoll's attack.
The kobold hits you with a +0 dagger.
You hit the kobold.
You kill the kobold!
The gnoll hits you from afar with a +0 halberd.
The gnoll throws a throwing net.
The throwing net hits you.
You become entangled in the net!
You struggle against the net.
The gnoll hits you from afar with a +0 halberd.
You struggle against the net.
The gnoll hits you from afar with a +0 halberd.
You struggle against the net.
The gnoll hits you but does no damage.
You struggle against the net.
The gnoll hits you from afar with a +0 halberd!
You die...

#######.#..# ..[..#....#
..##.#....#
#######.#.......#
...#.#.#.......#
####.#.#.#.......#
#...........)....#
#@##.#.#....<....#
...$.g))##.#.#....#.#..#
.###.#####.#.#..#..... .
.. #.#.#......##.. ...
#.#.#........ . ..
#.#........... .
#.####.#.#####. #.#
#.#.#


You could see a gnoll.

Vanquished Creatures
  3 gnolls (D:2)
  2 ball pythons (D:1)
  2 endoplasms (D:1)
  A giant cockroach (D:1)
  A goblin (D:1)
  4 hobgoblins (D:1)
  A jackal (D:1)
  6 kobolds
  3 quokkas (D:1)
  3 bats (D:1)
  2 frilled lizards (D:1)
  3 rats (D:1)
31 creatures vanquished.

Notes
Turn   | Place    | Note
-------+----------+-------------------------------------------
     0 | D:1      | qw the Gargoyle Fighter began the quest for the Orb.
     0 | D:1      | Reached XP level 1. HP: 14/14 MP: 1/1
     0 | D:1      | 0 ||| qw: Version: 0.2-a-108-gee2c290
     0 | D:1      | 0 ||| qw: Game counter: 1484
     0 | D:1      | 0 ||| qw: Always use a shield: true
     0 | D:1      | 0 ||| qw: God list: Okawaru
     0 | D:1      | 0 ||| qw: Allow faded altars: false
     0 | D:1      | 0 ||| qw: Do Orc after D:15 true
     0 | D:1      | 0 ||| qw: Do second Lair branch before Depths: true
     0 | D:1      | 0 ||| qw: Lair rune preference: random
     0 | D:1      | 0 ||| qw: Plans: Normal, Zot:1-4, Slime:5, God:TSO, Crypt,
                  | Tomb, Abyss, Pan, Hells, Win
     0 | D:1      | 0 ||| PLANNING D:1-11
    28 | D:1      | 28 ||| Stepping ~*~*~tactically~*~*~ (stealth).
    67 | D:1      | Found a faded altar of an unknown god.
    72 | D:1      | 72 ||| FLEEEEING.
    80 | D:1      | Reached XP level 2. HP: 19/19 MP: 2/2
   305 | D:1      | 305 ||| DROPPING +0 club.
   414 | D:1      | Reached skill level 3 in Axes
   456 | D:1      | Reached XP level 3. HP: 23/23 MP: 3/3
   753 | D:1      | 753 ||| UPGRADING to +0 chain mail.
   763 | D:1      | 763 ||| DROPPING +0 scale mail.
   764 | D:1      | 764 ||| READING scroll labelled JOSEOL FEIVVU.
   765 | D:1      | 765 ||| READING scroll labelled NIOSTO SYGIS.
   766 | D:1      | 766 ||| READING scroll labelled FASSE CASEERE.
   801 | D:2      | 801 ||| Stepping ~*~*~tactically~*~*~ (hiding).
   804 | D:2      | 804 ||| Stepping ~*~*~tactically~*~*~ (hiding).
   816 | D:2      | Reached XP level 4. HP: 20/28 MP: 4/4
   820 | D:2      | HP: 7/28 [gnoll/+0 halberd (4)]
   822 | D:2      | Slain by a gnoll

Levels and vault maps discovered:
D:1:      onia_arrival_mini_spirals, layout_basic,
          shapermc_ecumenical_altar_starsandcircs,
          nicolae_concentric_dashed_squares_mild, kennysheep_decorative_pillar,
          minmay_hexomino_c4
D:2:      layout_basic, serial_shops, nicolae_shop_waterfront,
          nicolae_shop_hallway_plus, uniq_natasha

Skill      XL: |  1  2 |
---------------+-------+-----
Axes           | 2 3 |  3.8
Fighting       | |  3.2
Armour         | |  3.2
Shields        | |  3.2

Action                     |  1- 3 |  4- 6 || total
---------------------------+-------+-------++-------
  Melee: War axe           |    70 |     3 ||    73
    Use: Scroll            |     3 |       ||     3
 Armour: Scale mail        |    32 |       ||    32
         Chain mail        |     6 |     2 ||     8
  Dodge: Dodged            |    35 |       ||    35
  Block: Buckler           |    11 |     1 ||    12

Table legend:
 A = Non-vault XP
 B = Vault XP
 C = Vault XP percentage of total XP
 D = Non-vault monster count
 E = Vault monster count
 F = Vault count percentage of total count
                 A         B        C        D         E       F
            +---------+---------+-------+---------+---------+-------
      Total |      78 |       8 |   9.3 |      26 |       5 |  16.1
            +---------+---------+-------+---------+---------+-------
        D:1 |      33 |       8 |  19.5 |      21 |       5 |  19.2
        D:2 |      45 |       0 |   0.0 |       5 |       0 |   0.0
            +---------+---------+-------+---------+---------+-------
